 Dungeon Crawl Stone Soup version 0.30.1-8-g117510f58f (webtiles) character file.

Game seed: 279915751522737478

56 Ivernyr the Shield-Bearer (level 4, 0/37 HPs)
             Began as a Formicid Fighter on Sept 23, 2023.
             Slain by a gnoll
             ... wielding a +0 club
              (5 damage)
             ... on level 2 of the Dungeon.
             The game lasted 00:01:56 (898 turns).

Ivernyr the Shield-Bearer (Formicid Fighter)         Turns: 898, Time: 00:01:57

Health: 0/37       AC:  7    Str: 22    XL:     4   Next: 15%
Magic:  4/4        EV:  8    Int:  8    God:
Gold:   49         SH:  9    Dex: 13    Spells: 3/3 levels left

rFire   . . .        a - +0 quarterstaff
rCold   . . .        c - +0 kite shield
rNeg    . . .        b - +0 scale mail
rPois   .            (helmet unavailable)
rElec   .            (no cloak)
rCorr   .            (no gloves)
SInv    +            (no boots)
Will    .....        (no amulet) Stlth
                     (no ring)
HPRegen 0.26/turn    (no ring)
MPRegen 0.09/turn

%: no passive effects
@: no status effects
A: permanent stasis, dig shafts and tunnels, antennae 3, four strong arms
a: Dig, Shaft Self


You were on level 2 of the Dungeon.
You visited 1 branch of the dungeon, and saw 2 of its levels.

You collected 49 gold pieces.

Inventory:

Hand Weapons
 a - a +0 quarterstaff (weapon)
Armour
 b - a +0 scale mail (worn)
 c - a +0 kite shield (worn)
Scrolls
 g - a scroll of identify {unknown}
Potions
 d - 2 potions of might
 e - a potion of invisibility {unknown}
 f - a potion of flight {unknown}
 h - a potion of haste {unknown}
 i - 3 potions of curing {unknown}


   Skills:
 + Level 3.7 Fighting
 * Level 3.0 Staves
 + Level 3.7 Armour
 + Level 4.5 Shields


You had 3 spell levels left.
You didn't know any spells.
Your spell library contained the following spells:

 Spells                   Type           Power      Damage    Failure   Level
 Hailstorm                Conj/Ice       0%         3d3       100%        3
 Ice Form                 Ice/Tmut       0%         N/A       100%        4
 Simulacrum               Ice/Necr       0%         N/A       100%        6


Dungeon Overview and Level Annotations

Branches:
Dungeon (2/15)

Altars:


Innate Abilities, Weirdness & Mutations

You cannot be hasted, slowed, berserked, paralysed or teleported.
You can dig through walls and to a lower floor.
You have a pair of large antennae on your head. (SInv)
Your four strong arms can wield two-handed weapons with a shield.


Message History

The gnoll hits you with a +0 flail. The gnoll attacks as you move away!
The gnoll hits you but does no damage. The gnoll attacks as you move away!
The gnoll barely misses you. The gnoll attacks as you move away!
The gnoll closely misses you. The gnoll attacks as you move away!
The gnoll barely misses you. The gnoll attacks as you move away!
You block the gnoll's attack.
The endoplasm jiggles.
You sock the gnoll!
The gnoll is severely wounded.
The gnoll hits you with a +0 flail!
You hit the gnoll.
You kill the gnoll!
The gnoll hits you from afar with a +0 spear.
You block the gnoll's attack.
Your Staves skill increases to level 3!
You have reached level 4!
You feel clever.
There is an open door here.
The endoplasm jiggles.
The gnoll hits you from afar with a +0 spear!
The gnoll closely misses you.
You hit the gnoll.
The gnoll is lightly wounded.
The gnoll hits you with a +0 spear.
* * * LOW HITPOINT WARNING * * *
You barely miss the gnoll.
The gnoll is lightly wounded.
The gnoll hits you with a +0 spear.
* * * LOW HITPOINT WARNING * * *
You hit the gnoll.
The gnoll is moderately wounded.
The gnoll hits you but does no damage.
You sock the gnoll!
The gnoll is almost dead.
You block the gnoll's attack. The gnoll hits you with a +0 club.
* * * LOW HITPOINT WARNING * * *
You completely miss the gnoll.
The gnoll is almost dead.
The gnoll barely misses you. The gnoll hits you with a +0 club.
You die...

#........####
#........# ###
#........# #.#
#........# #.#
#....†...# #.#
#....†Jg.# #<#
#######g##
#####.# #g#
#.....# #@#
#.##### #.#
#.# #.# #.###
####.# #...#
#....# #####.#
#.#..# #.....#
#.#..# #.#####
#.#..#### #.#
#.#.....####.#


You could see 3 gnolls and an endoplasm.

Vanquished Creatures
  A gnoll (D:2)
  An adder (D:2)
  A worm (D:2)
  A dart slug (D:1)
  2 bats (D:1)
  4 endoplasms
  A giant cockroach (D:1)
  A goblin (D:1)
  2 hobgoblins (D:1)
  2 jackals (D:1)
  2 quokkas
  3 ball pythons (D:1)
  3 frilled lizards
  4 kobolds (D:1)
  4 rats
32 creatures vanquished.

Notes
Turn   | Place    | Note
-------+----------+-------------------------------------------
     0 | D:1      | Ivernyr the Formicid Fighter began the quest for the Orb.
     0 | D:1      | Reached XP level 1. HP: 18/18 MP: 1/1
    44 | D:1      | Reached XP level 2. HP: 22/24 MP: 2/2
   290 | D:1      | Reached XP level 3. HP: 29/29 MP: 3/3
   879 | D:2      | Reached XP level 4. HP: 15/37 MP: 4/4
   898 | D:2      | Slain by a gnoll

Illustrated notes

Levels and vault maps discovered:
D:1:      scummos_arrival_simple_crosswalls, layout_loops_ring, st_stairs_5,
          chequers_serial_rivers_marsh
D:2:      layout_basic, serial_shops, shop

Skill      XL: |  1  2  3 |
---------------+----------+-----
Staves         | 3 |  3.0
Fighting       | |  3.7
Armour         | |  3.7
Shields        | |  4.5

Action                     |  1- 3 |  4- 6 || total
---------------------------+-------+-------++-------
  Melee: Quarterstaff      |    76 |     5 ||    81
 Armour: Scale mail        |    26 |     1 ||    27
  Dodge: Dodged            |    24 |     2 ||    26
  Block: Buckler           |    10 |       ||    10
         Kite shield       |    24 |     1 ||    25
